 Dungeon Crawl Stone Soup version 0.27.0-1-g7a089689b8 (webtiles) character file.

Game seed: 9614159078660350667

166 lmSkywalker the Poker (level 5, 0/38 HPs)
             Began as a Merfolk Gladiator on Aug 4, 2021.
             Succumbed to a kobold brigand's curare-tipped dart
             ... in a sewer.
             The game lasted 00:09:13 (2620 turns).

lmSkywalker the Poker (Merfolk Gladiator)           Turns: 2620, Time: 00:09:13

Health: 0/38       AC:  4    Str: 15    XL:     5   Next: 47%
Magic:  7/7        EV: 18    Int:  8    God:
Gold:   27         SH:  0    Dex: 21    Spells: 5/7 levels left

rFire    . . .     SeeInvis .   a - +0 trident
rCold    . . .     Faith    .   (no shield)
rNeg     . . .     Spirit   .   b - +0 leather armour
rPois    .         Reflect  .   c - +0 helmet
rElec    .         Harm     .   (no cloak)
rCorr    .         Rampage  .   (no gloves)
Will     .....                  (boots currently unavailable)
Stlth    +++.......             (no amulet)
HPRegen  0.12/turn              p - +6 ring of dexterity
MPRegen  0.10/turn              (no ring)

@: lethally poisoned (0 -> -9), slowed, quick
A: nimble swimmer 2, mertail
a: no special abilities


You were in a sewer.
You visited 1 branch of the dungeon, and saw 3 of its levels.
You also visited: Sewer.

You collected 27 gold pieces.

Inventory:

Hand Weapons
 a - a +0 trident (weapon)
Missiles
 d - 3 throwing nets
 i - 14 poisoned darts (quivered)
 k - 83 stones
Armour
 b - a +0 leather armour (worn)
 c - a +0 helmet (worn)
 j - a +0 pair of gloves
Jewellery
 p - a +6 ring of dexterity (left hand)
Scrolls
 l - a scroll of acquirement {unknown}
 n - a scroll of identify {unknown}
 q - a scroll of amnesia {unknown}
 r - 2 scrolls of fog {unknown}
Potions
 e - a potion of heal wounds {unknown}
 f - 2 potions of flight {unknown}
 g - a potion of brilliance {unknown}
 h - a potion of curing {unknown}
 m - a potion of might {unknown}
 o - a potion of degeneration {unknown}
 s - a potion of mutation {unknown}


   Skills:
 - Level 2.1 Fighting
 + Level 6.2 Polearms
 - Level 2.0 Throwing
 + Level 4.4 Dodging
 - Level 2.2 Stealth
 + Level 1.7 Spellcasting
 + Level 1.5 Translocations


You had 5 spell levels left.
You knew the following spells:

 Your Spells              Type           Power      Damage    Failure   Level
a - Blink                 Tloc           N/A        N/A       34%         2

Your spell library contained the following spells:

 Spells                   Type           Power      Damage    Failure   Level
 Animate Skeleton         Necr           0%         N/A       41%         1
 Magic Dart               Conj           0%         1d3       41%         1
 Call Imp                 Summ           0%         N/A       56%         2
 Mephitic Cloud           Conj/Pois/Air  0%         N/A       80%         3
 Tukima's Dance           Hex            0%         N/A       80%         3
 Passage of Golubria      Tloc           N/A        N/A       93%         4
 Manifold Assault         Tloc           3%         N/A       100%        5
 Yara's Violent Unravell  Hex/Tmut       0%         3d3       100%        5
 Storm Form               Tmut/Air       0%         N/A       100%        7


Dungeon Overview and Level Annotations

Branches:
Dungeon (3/15)              Sewer (1/1)

Altars:


Innate Abilities, Weirdness & Mutations

You are quick and stealthy near water. (Stealth+, EV+, Speed+++)
Your lower body shifts to a powerful aquatic tail in water.


Message History

Reach: a) +0 trident
Press: ? - help, Dir - move target, f/p - kobold brigand
Aim: a kobold brigand, wielding a +0 short sword and quivering curare-tipped darts (heavily wounded, about 41% to evade your +0 trident)
You reach to attack!
You closely miss the kobold brigand.
The kobold brigand is heavily wounded.
You feel sick.
The kobold brigand throws a curare-tipped dart.
The curare-tipped dart barely misses you.
Reach: a) +0 trident
Press: ? - help, Dir - move target, f/p - kobold brigand
Aim: a kobold brigand, wielding a +0 short sword and quivering curare-tipped darts (heavily wounded, about 41% to evade your +0 trident)
You reach to attack!
You closely miss the kobold brigand.
The kobold brigand is heavily wounded.
You feel sick.
Reach: a) +0 trident
Press: ? - help, Dir - move target, f/p - kobold brigand
Aim: a kobold brigand, wielding a +0 short sword and quivering curare-tipped darts (heavily wounded, about 41% to evade your +0 trident)
You reach to attack!
You completely miss the kobold brigand.
The kobold brigand is heavily wounded.
You feel sick.
The kobold throws a stone.
The stone completely misses you.
Reach: a) +0 trident
Press: ? - help, Dir - move target, f/p - kobold brigand
Aim: a kobold brigand, wielding a +0 short sword and quivering curare-tipped darts (heavily wounded, about 41% to evade your +0 trident)
You reach to attack!
You hit the kobold brigand but do no damage.
The kobold brigand is heavily wounded.
You feel sick.
You are no longer poisoned.
The kobold brigand throws a curare-tipped dart.
The curare-tipped dart hits you.
You are poisoned.
You have difficulty breathing.
* * * LOW HITPOINT WARNING * * *
You feel as though you will be slow longer.
The kobold throws a stone.
The stone barely misses you.
* * * LOW HITPOINT WARNING * * *
You feel very sick.
The kobold brigand throws a curare-tipped dart.
The curare-tipped dart barely misses you.
You die...

#≈# #≈# #≈# #≈#
##≈#########
#######≈≈≈≈≈..≈..#
######.....≈≈≈.≈≈≈)K≈.# .
≈≈≈≈≈≈≈≈≈≈≈≈≈≈≈≈≈≈≈≈≈.#....
≈≈≈≈≈≈≈≈≈≈≈≈≈≈≈≈@≈≈≈h≈.....
#≈≈≈≈≈≈≈≈≈≈≈≈≈≈≈≈≈≈≈K≈#....
######.....≈..≈≈≈≈K≈..# .
###.###..≈..≈....# #∩#
############ ###


You could see a kobold brigand, a jackal and 2 kobolds.

Vanquished Creatures
  A bullfrog skeleton (D:3)
  3 adders
  A river rat (D:3)
  5 dart slugs
  5 orcs (D:3)
  4 bats
  6 endoplasms
  7 giant cockroaches
  10 goblins
  7 hobgoblins
  6 kobolds
  4 quokkas
  6 ball pythons
  4 frilled lizards
  12 rats
81 creatures vanquished.

Vanquished Creatures (others)
  A kobold (Sewer)
  A fungus (D:1)
  2 plants (D:1)
4 creatures vanquished.

Grand Total: 85 creatures vanquished

Notes
Turn   | Place    | Note
-------+----------+-------------------------------------------
     0 | D:1      | lmSkywalker the Merfolk Gladiator began the quest for the
                  | Orb.
     0 | D:1      | Reached XP level 1. HP: 16/16 MP: 1/1
    82 | D:1      | Reached skill level 1 in Stealth
   189 | D:1      | Found a faded altar of an unknown god.
   205 | D:1      | Reached XP level 2. HP: 19/22 MP: 2/2
   241 | D:1      | Got Plato's Guide on Dark Rites
   275 | D:1      | Reached skill level 5 in Polearms
   542 | D:1      | Reached XP level 3. HP: 11/27 MP: 3/3
   793 | D:1      | Learned a level 2 spell: Blink
  1427 | D:2      | Reached XP level 4. HP: 29/33 MP: 3/5
  1520 | D:2      | Reached skill level 1 in Spellcasting
  1732 | D:2      | Reached skill level 1 in Translocations
  2185 | D:3      | Reached skill level 6 in Polearms
  2185 | D:3      | Reached XP level 5. HP: 38/38 MP: 5/7
  2405 | D:3      | Found a glowing drain.
  2491 | Sewer    | Entered a sewer
  2602 | Sewer    | Noticed a kobold brigand
  2620 | Sewer    | Succumbed to a kobold brigand's curare-tipped dart

Illustrated notes

Levels and vault maps discovered:
D:1:      dpeg_arrival_prison, layout_loops_ring,
          shapermc_ecumenical_altar_rom_forum, nrook_mini_vaults, st_stairs_4,
          minmay_split_cup_large
D:2:      minmay_spotlight, layout_rooms, st_stairs_6
D:3:      layout_loops_ring, portal_sewer_entry_a
Sewer:    sewer_kobolds

Skill      XL: |  1  2  3  4 |
---------------+-------------+-----
Stealth        | 1 2 |  2.2
Polearms       | 5 6 |  6.2
Spellcasting   | 1 |  1.7
Translocations | 1 |  1.5
Fighting       | |  2.1
Throwing       | |  2.0
Dodging        | |  4.4

Action                   |  1- 3 |  4- 6 || total
-------------------------+-------+-------++-------
Melee: Trident           |    99 |   129 ||   228
 Stab: Sleeping          |     4 |     8 ||    12
Armor: Leather armour    |    15 |    14 ||    29
Dodge: Dodged            |    49 |    65 ||   114
